 Dungeon Crawl Stone Soup version 0.29.1-2-gbd0b4ee654 (webtiles) character file.

Game seed: 5215400879028558681

5257 Anriel the Protected (level 10, -3/61 HPs)
             Began as a Gargoyle Fighter on Nov 25, 2022.
             Was a Priest of Okawaru.
             Killed from afar by a gargoyle (22 damage)
             ... with a stone arrow
             ... in a bailey.
             The game lasted 00:51:34 (8842 turns).

Anriel the Protected (Gargoyle Fighter)             Turns: 8842, Time: 00:51:34

Health: -3/61      AC: 28    Str: 23    XL:     10   Next: 62%
Magic:  12/13      EV:  9    Int: 10    God:    Okawaru [***...]
Gold:   1386       SH:  6    Dex:  9    Spells: 9/9 levels left

rFire   + . .      SeeInvis .   a - +0 flail (venom)
rCold   . . .      Faith    .   c - +0 buckler
rNeg    + . .      Spirit   .   f - +1 plate armour of the Kettle-Drum {*Corrode rF+ Will+}
rPois   ∞          Reflect  .   A - +0 helmet
rElec   +          Harm     .   s - +0 cloak
rCorr   +          Rampage  .   (no gloves)
Will    ++...                   (no boots)
Stlth   ..........              (no amulet)
HPRegen 0.20/turn               h - ring of willpower
MPRegen 0.13/turn               B - ring of resist corrosion

@: heroic, studying Ice Magic
A: sickness immunity, AC +7, negative energy resistance 1, electricity
resistance, torment resistance 1, petrification resistance
a: Renounce Religion, Heroism


You were in a bailey.
You worshipped Okawaru.
Okawaru was most pleased with you.
You visited 2 branches of the dungeon, and saw 10 of its levels.
You also visited: Bailey.

You collected 1386 gold pieces.

Inventory:

Hand Weapons
 a - a +0 flail of venom (weapon)
 k - a +0 shortbow
 o - a +0 sling of freezing
Missiles
 j - 2 throwing nets (quivered)
 r - 4 silver boomerangs
Armour
 c - a +0 buckler (worn)
 e - +0 steam dragon scales
 f - the +1 plate armour of the Kettle-Drum (worn) {*Corrode rF+ Will+}
   (You found it on level 8 of the Dungeon)

   rF:        It protects you from fire.
   *Corrode:  It may corrode you when you take damage.
   Will:      It increases your willpower.
 s - a +0 cloak (worn)
 u - a +1 chain mail
 A - a +0 helmet (worn)
 C - +0 acid dragon scales
 H - a +3 ring mail of willpower
 I - a +1 scale mail of cold resistance
Jewellery
 g - a ring of wizardry
 h - a ring of willpower (left hand)
 i - a +6 ring of intelligence
 v - a ring of flight
 B - a ring of resist corrosion (right hand)
Wands
 b - a wand of digging (4)
 d - a wand of light (7)
 y - a wand of roots (12)
Scrolls
 m - 2 scrolls of magic mapping
 n - 5 scrolls of identify
 p - 2 scrolls of fear
 t - 5 scrolls of teleportation
 w - 3 scrolls of poison
 E - 3 scrolls of enchant armour
 F - a scroll of blinking
Potions
 l - a potion of ambrosia {unknown}
 q - a potion of resistance
 x - a potion of berserk rage
 z - a potion of invisibility
 D - 3 potions of flight
 G - a potion of curing


   Skills:
 + Level 6.6(11.6) Fighting
 + Level 7.9(12.9) Maces & Flails
 + Level 7.3(12.3) Ranged Weapons
 * Level 9.3(14.3) Armour
 + Level 1.6(6.6) Dodging
 + Level 5.1(10.1) Shields
 * Level 4.2 Invocations


You had 9 spell levels left.
You didn't know any spells.
Your spell library contained the following spells:

 Spells                   Type           Power      Damage    Failure   Level
 Foxfire                  Conj/Fire      0%         2x1d4     99%         1
 Freeze                   Ice            0%         1d3       99%         1
 Sandblast                Erth           0%         2d4       99%         1
 Passwall                 Tmut/Erth      0%         N/A       99%         2
 Conjure Flame            Conj/Fire      0%         6-21      100%        3
 Frozen Ramparts          Ice            0%         1d1       100%        3
 Inner Flame              Hex/Fire       0%         N/A       100%        3
 Stone Arrow              Conj/Erth      0%         3d7       100%        3
 Flame Wave               Conj/Fire      0%         2d4       100%        4
 Hailstorm                Conj/Ice       0%         3d3       100%        4
 Ice Form                 Ice/Tmut       0%         N/A       100%        4
 Summon Ice Beast         Ice/Summ       Unusable   N/A       N/A         4
 Summon Forest            Summ/Tloc      Unusable   N/A       N/A         5
 Summon Mana Viper        Hex/Summ       Unusable   N/A       N/A         5
 Summon Cactus Giant      Summ           Unusable   N/A       N/A         6

Dungeon Overview and Level Annotations

Branches:
Dungeon (9/15)             Temple (1/1) D:5             Orc (0/2) D:9
 Bailey (1/1)
   Lair: D:8-11

Altars:
Ashenzari
Cheibriados
Dithmenos
Elyvilon
Fedhas
Gozag
Hepliaklqana
Kikubaaqudgha
Makhleb
Nemelex Xobeh
Okawaru
Qazlal
Ru
Sif Muna
Trog
Uskayaw
Vehumet
Wu Jian
Xom
Yredelemnul
Zin
The Shining One


Innate Abilities, Weirdness & Mutations

You are immune to sickness and miasma.
Your stone body is resilient. (AC +7)
You are immune to poison.
You resist negative energy. (rN+)
You are resistant to electric shocks. (rElec)
You are resistant to unholy torment.
You are immune to petrification.


Message History

The orc zombie is severely damaged.
You block the orc zombie's attack.
You thump the orc zombie!
You destroy the orc zombie!
An orc zombie comes into view. It is wielding a +0 spear.
You see here a +0 spear.
The orc zombie hits you but does no damage.
You block the orc zombie's attack.
You hit the orc zombie.
The orc zombie is lightly damaged.
You block the orc zombie's attack.
You sock the orc zombie!
You destroy the orc zombie!
You see here a +0 spear.
You see here a +0 spear.
A gargoyle comes into view. It is wielding a +0 mace.
You gain the combat prowess of a mighty hero.
The gargoyle hurls a stone arrow at you.
The stone arrow misses you.
Okay, then.
The gargoyle closely misses you.
You barely miss the gargoyle.
The gargoyle hurls a stone arrow at you.
The stone arrow hits you!
You barely miss the gargoyle. You closely miss the gargoyle.
The gargoyle hurls a stone arrow at you.
The stone arrow hits you!
You hit the gargoyle but do no damage.
The gargoyle hits you but does no damage.
You hit the gargoyle but do no damage.
The gargoyle hits you but does no damage.
You hit the gargoyle but do no damage. You hit the gargoyle but do no damage.
The gargoyle hits you with a +0 mace!
You hit the gargoyle but do no damage. The gargoyle closely misses you.
You hit the gargoyle.
The gargoyle is moderately damaged.
The gargoyle hurls a stone arrow at you.
The stone arrow hits you!!
You die...

#### #..# #### #..# #
#... +..# ..##+#...
+9.# ......... #@.#
........# ##..#
♣........ ##...#
.............
###....##......♣.....#
#8..)...##......♣.....
#...##.).##......♣♣...
#..##.)..#............
#..#....##............
#..#...##...........♣.


You could see a gargoyle.

Vanquished Creatures
  Maurice (D:8)
  Psyche (D:8)
  A wyvern (D:8)
  Grum (D:8)
  A steam dragon (D:8)
  2 water moccasins
  An acid dragon (D:8)
  A sky beast (D:6)
  2 black bears
  An ice beast (D:5)
  An orc warrior (D:6)
  A centaur (D:8)
  2 ogres
  4 wolves (D:8)
  2 kobold brigands (D:9)
  3 bullfrogs
  A necrophage (D:6)
  2 scorpions
  A wight (D:6)
  6 killer bees (D:8)
  4 howler monkeys
  5 vampire bats (Bailey)
  8 wolf zombies (Bailey)
  4 orc priests
  A jelly (D:6)
  A gnoll bouda (D:8)
  3 hounds
  3 iguanas
  7 orc wizards
  18 orc zombies (Bailey)
  8 adders
  4 gnolls (D:8)
  3 shadow imps
  2 white imps (D:6)
  2 ufetubi
  2 worms
  9 dart slugs
  30 orcs
  5 endoplasms
  4 giant cockroaches
  12 goblins
  10 hobgoblins
  4 jackals (D:2)
  16 kobolds
  4 quokkas
  9 ball pythons
  10 bats
  A frilled lizard (D:1)
  3 rats
227 creatures vanquished.

Vanquished Creatures (others)
  A boulder beetle (D:6)
  A human (D:3)
2 creatures vanquished.

Grand Total: 229 creatures vanquished

Notes
Turn   | Place    | Note
-------+----------+-------------------------------------------
     0 | D:1      | Anriel the Gargoyle Fighter began the quest for the Orb.
     0 | D:1      | Reached XP level 1. HP: 14/14 MP: 1/1
   124 | D:1      | Reached XP level 2. HP: 12/19 MP: 2/2
   272 | D:1      | Reached XP level 3. HP: 18/24 MP: 3/3
   923 | D:2      | Reached XP level 4. HP: 27/29 MP: 4/4
  1235 | D:2      | Reached skill level 4 in Armour
  1319 | D:2      | Reached XP level 5. HP: 17/33 MP: 5/5
  1699 | D:3      | Reached skill level 1 in Ranged Weapons
  2102 | D:3      | Found a burning altar of Makhleb.
  2403 | D:3      | Found an ancient bone altar of Kikubaaqudgha.
  2404 | D:3      | Noticed a human
  2407 | D:3      | Killed a human
  2622 | D:3      | Reached XP level 6. HP: 22/39 MP: 6/6
  3473 | D:4      | Reached skill level 5 in Armour
  3725 | D:5      | Entered Level 5 of the Dungeon
  3794 | D:5      | Reached XP level 7. HP: 44/44 MP: 7/7
  4615 | D:5      | Found a staircase to the Ecumenical Temple.
  4627 | Temple   | Entered the Ecumenical Temple
  4710 | Temple   | Became a worshipper of Warmaster Okawaru
  5054 | D:5      | Reached skill level 5 in Maces & Flails
  5202 | D:6      | Reached XP level 8. HP: 28/48 MP: 8/8
  5227 | D:6      | Reached skill level 6 in Armour
  5271 | D:6      | Reached skill level 5 in Fighting
  5278 | D:6      | Noticed a boulder beetle
  5291 | D:6      | HP: 1/49 [boulder beetle (19)]
  5307 | D:6      | Killed a boulder beetle
  5308 | D:6      | Reached skill level 5 in Ranged Weapons
  5308 | D:6      | Reached skill level 7 in Armour
  5308 | D:6      | Reached skill level 1 in Dodging
  5324 | D:6      | Reached XP level 9. HP: 29/54 MP: 9/9
  5760 | D:6      | Reached * piety under Okawaru
  6422 | D:7      | Reached skill level 1 in Invocations
  6826 | D:8      | Noticed Maurice
  6861 | D:8      | Killed Maurice
  6862 | D:8      | Reached skill level 8 in Armour
  6875 | D:8      | Identified a scroll of acquirement
  6875 | D:8      | Acquired 844 gold pieces
  7178 | D:8      | Reached ** piety under Okawaru
  7314 | D:8      | Reached XP level 10. HP: 26/60 MP: 10/12
  7349 | D:8      | Noticed Grum
  7362 | D:8      | Killed Grum
  7735 | D:8      | Identified the +1 plate armour of the Kettle-Drum {*Corrode
                  | rF+ Will+}
  7980 | D:8      | Reached skill level 9 in Armour
  8144 | D:8      | Noticed Psyche
  8203 | D:8      | Killed Psyche
  8203 | D:8      | Reached *** piety under Okawaru
  8516 | D:9      | Found a flagged portal.
  8539 | Bailey   | Entered a bailey
  8704 | Bailey   | Reached skill level 5 in Shields
  8829 | Bailey   | Noticed a gargoyle
  8842 | Bailey   | Killed from afar by a gargoyle

Illustrated notes

Levels and vault maps discovered:
D:1:      nicolae_arrival_somewhat_less_tricky_arrival, layout_rooms,
          minmay_misc_feat_square, grunt_decor_fettered, minmay_split_cup_large
D:2:      layout_rooms, corexii_item_surrounded_by_moat, roderic_roman_lattice,
          wad_orctagon
D:3:      layout_basic, lightli_temple_of_fire, tgw_kikubaaqudgha,
          serial_co_window_serial, co_window_paths_b, co_window_corner_a,
          co_window_of_opportunity_a, co_window_of_opportunity_a,
          co_window_of_opportunity_a, co_window_corner_a, co_window_paths_b,
          co_window_broadway_b, co_window_cross_2, co_window_2corner,
          co_window_of_opportunity_b, glass_columns_a, glass_columns_a,
          glass_columns_c, glass_columns_a, glass_columns_a
D:4:      nicolae_cairo_tiling, layout_basic, minmay_misc_feat_rugged
D:5:      black_bear_nest_1, layout_basic, minmay_temple_entry_gardened_gates
D:6:      layout_basic, minmay_manual_mullet
D:7:      layout_basic
D:8:      layout_basic, uniq_psyche, uniq_maurice, uniq_grum
D:9:      cheibrodos_frozen_isle, layout_loops_ring, enter_bailey_4
Temple:   mainiacjoe_temple_big_plus
Bailey:   bailey_polearm_vampire_castle_hellmonk, bailey

Skill      XL: |  1  2  3  4  5  6  7  8  9 10 |
---------------+-------------------------------+-----
Fighting       | 4 5 6 |  6.6
Maces & Flails | 3 4 5 6 7 |  7.9
Armour         | 4 5 7 8 9 |  9.3
Ranged Weapons | 1 2 4 5 7 |  7.3
Dodging        | 1 |  1.6
Shields        | 4 5 |  5.1
Invocations    | 2 4 |  4.2

Action                   |  1- 3 |  4- 6 |  7- 9 | 10-12 || total
-------------------------+-------+-------+-------+-------++-------
Melee: Flail             |   144 |   200 |   291 |   252 ||   887
 Fire: Sling             |       |    66 |    84 |     8 ||   158
Invok: Heroism           |       |       |     1 |     3 ||     4
  Use: Scroll            |     3 |    12 |     8 |     5 ||    28
       Potion            |       |     1 |    10 |     3 ||    14
 Stab: Invisible         |       |       |     1 |       ||     1
Armor: Scale mail        |   108 |    49 |       |       ||   157
       Chain mail        |       |    85 |   201 |    38 ||   324
       Plate armour      |       |       |       |   193 ||   193
Dodge: Dodged            |    74 |    70 |   120 |   116 ||   380
Block: Buckler           |    30 |    36 |    57 |    67 ||   190
